 Dungeon Crawl Stone Soup version 0.31-a0-1144-g99969ba1bc (webtiles) character file.

Game seed: 9730656223961933151

1987 Arzdou the Geomancer (level 9, 0/51 HPs)
             Began as an Octopode Earth Elementalist on Dec 6, 2023.
             Was an Elder of Ignis.
             Slain by a yak (17 damage)
             ... on level 6 of the Dungeon.
             The game lasted 00:10:18 (7334 turns).

Arzdou the Geomancer (Octopode Earth Elementalist)  Turns: 7334, Time: 00:10:19

Health: 0/51       AC:  1    Str:  8    XL:     9   Next: 21%
Magic:  15/19      EV: 13    Int: 21    God:    Ignis [****..]
Gold:   333        SH:  0    Dex: 12    Spells: 15/21 levels left

rFire   + . .        i - +1 short sword (speed)
rCold   . . .        (no shield)
rNeg    . . .        (helmet currently unavailable)
rPois   .            (no amulet)
rElec   .            (no ring)
rCorr   .            (no ring)
SInv    .            (no ring)
Will    .....        (no ring)
Stlth   +++          (no ring)
HPRegen 0.28/turn    (no ring)
MPRegen 0.16/turn    (no ring)
                     (no ring)

%: no passive effects
@: beast-form
A: beast (slay +0), almost no armour, amphibious, 8 rings, camouflage 1,
gelatinous body 1, (nimble swimmer 1), tentacles
a: Begin Untransformation, Renounce Religion, Fiery Armour, Foxfire Swarm,
Rising Flame


You were on level 6 of the Dungeon.
You worshipped Ignis.
Ignis was greatly pleased with you.
You were a hulking beast.
You visited 2 branches of the dungeon, and saw 8 of its levels.

You collected 333 gold pieces.

Inventory:

Hand Weapons
 i - a +1 short sword of speed (weapon)
Missiles
 j - 21 poisoned darts
 m - 3 throwing nets
Armour
 c - a +0 buckler
Talismans
 A - a beast talisman (active)
Wands
 w - a wand of digging (4)
Scrolls
 b - 3 scrolls of enchant weapon {unknown}
 d - 8 scrolls of teleportation {unknown}
 e - a scroll of butterflies {unknown}
 k - 3 scrolls of identify {unknown}
 p - a scroll of amnesia {unknown}
 u - a scroll of acquirement {unknown}
 v - 2 scrolls of immolation {unknown}
 x - a scroll of enchant armour {unknown}
 y - a scroll of blinking {unknown}
 z - a scroll of noise {unknown}
 B - a scroll of fog {unknown}
Potions
 a - 2 potions of magic
 f - a potion of ambrosia {unknown}
 g - 2 potions of curing {unknown}
 h - 2 potions of lignification {unknown}
 l - a potion of brilliance {unknown}
 n - a potion of degeneration {unknown}
 o - 2 potions of might {unknown}
 q - 3 potions of enlightenment {unknown}
 r - a potion of heal wounds {unknown}
 s - a potion of invisibility {unknown}
 t - 2 potions of mutation {unknown}


   Skills:
 - Level 2.4 Dodging
 - Level 3.3 Stealth
 + Level 6.9 Spellcasting
 - Level 3.0 Conjurations
 - Level 1.6 Transmutations
 + Level 8.8 Earth Magic


You had 15 spell levels left.
You knew the following spells:

 Your Spells              Type           Power      Damage    Failure   Level
a - Sandblast             Erth           88%        2d18      1%          1
b - Stone Arrow           Conj/Erth      64%        3d11      2%          3
c - Passwall              Tmut/Erth      24%        N/A       1%          2

Your spell library contained the following spells:

 Spells                   Type           Power      Damage    Failure   Level
 Magic Dart               Conj           76%        1d6       2%          1
 Searing Ray              Conj           38%        2d5       4%          2
 Brom's Barrelling Bould  Conj/Erth      32%        2d5       8%          4
 Petrify                  Tmut/Erth      29%        N/A       10%         4
 Fulminant Prism          Conj/Hex       6%         3d7       43%         4


Dungeon Overview and Level Annotations

Branches:
Dungeon (7/15)             Temple (1/1) D:4

Altars:
Ashenzari
Cheibriados
Dithmenos
Elyvilon
Fedhas
Gozag
Hepliaklqana
Kikubaaqudgha
Makhleb
Nemelex Xobeh
Okawaru
Qazlal
Sif Muna
Trog
Uskayaw
Vehumet
Wu Jian
Xom
Yredelemnul
Zin
The Shining One
Ignis

Annotations:
D:5 1 runed translucent door, Crazy Yiuf


Innate Abilities, Weirdness & Mutations

You are a hulking beast.
Your limbs bulge with bestial killing power. (Slay +0)
You cannot wear most types of armour.
You are amphibious.
You can wear up to eight rings at the same time.
Your skin changes colour to match your surroundings (Stealth+).
Your rubbery body absorbs attacks. (AC +1, EV +1)
((You are camouflaged when in or above water. (Stealth+)))
You have tentacles for arms and can constrict up to eight enemies at once.


Message History

The blast of sand hits the yak!
The yak is severely wounded.
The kobold barely misses you. The yak gores you! The kobold barely misses you.
The yak closely misses you.
The blast of sand hits the yak!
You kill the yak!
The kobold hits you with a +0 dagger.
The blast of sand hits the kobold!!
You kill the kobold!
You can't see any susceptible monsters within range! (Use Z to cast anyway.) Magic restored.
HP restored.
Done exploring.
You climb downwards.
The yak misses you. The yak gores you.
There is a stone staircase leading up, spattered with blood here.
The blast of sand hits the yak.
The yak is lightly wounded.
The kobold shouts!
You hear a bellow! x2
A kobold comes into view. It is wielding a +0 whip.
The yak gores you!
The blast of sand hits the yak!
The yak is heavily wounded.
The kobold throws a stone.
The stone closely misses you. The yak gores you!
A yak comes into view.
The yak gores you!
You are too injured to fight recklessly!
You are too injured to fight recklessly!
Unknown command.
The yak gores you but does no damage.
You climb upwards.
There is a stone staircase leading down, spattered with blood here.
Casting: Sandblast (safe; 1% risk of failure)
Confirm with . or Enter, or press ? or * to list all spells.
Aiming: Stone Arrow (dangerous; 2% risk of failure)
Press: ? - help, Shift-Dir - straight line, f - yak
Aim: a yak (heavily wounded, 84% to hit)
The stone arrow hits the yak!
The yak is severely wounded.
The yak gores you!
You die...

####### #.....# ##########
###.....###........#
#.......'..........#
#.#.....###........#
#.#.....###.#############
#.#####...#.# #......#
#.#####.#.#.## #......#
#.....#.#.Yh.### #......#
#####.#.###)...###......####
#.....#.# #.#..[............
##.####.###.#)####......####
#.# #.....#..# #......# #.#
########.###......# ###.#
#..######### #.#.####
##..####### ####......#
#.........#


You could see a yak.

Vanquished Creatures
  2 yaks
  2 water moccasins
  An ice beast (D:6)
  An orc warrior (D:6)
  2 black bears
  3 phantoms (D:5)
  3 scorpions
  A howler monkey (D:4)
  A centaur zombie (D:3)
  2 hounds
  4 jellies
  An orc priest (D:6)
  2 sleepcaps
  Jessica (D:2)
  3 iguanas
  A hound zombie (D:3)
  Robin (D:2)
  4 gnolls (D:3)
  11 adders
  A white imp (D:6)
  An adder zombie (D:3)
  A worm (D:2)
  A dart slug (D:1)
  8 orcs
  3 bats
  8 endoplasms
  4 giant cockroaches
  17 goblins
  13 hobgoblins
  3 jackals (D:1)
  2 quokkas
  6 ball pythons
  4 frilled lizards
  A giant cockroach zombie (D:3)
  12 kobolds
  13 rats
144 creatures vanquished.

Vanquished Creatures (others)
  4 foxfires (D:4)
4 creatures vanquished.

Grand Total: 148 creatures vanquished

Notes
Turn   | Place    | Note
-------+----------+-------------------------------------------
     0 | D:1      | Arzdou the Octopode Earth Elementalist began the quest for
                  | the Orb.
     0 | D:1      | Reached XP level 1. HP: 11/11 MP: 3/3
    39 | D:1      | Found a faded altar of an unknown god.
    64 | D:1      | Prayed at the altar of an unknown god.
    64 | D:1      | Became a worshipper of Ignis, the Dying Flame
   138 | D:1      | Reached XP level 2. HP: 15/17 MP: 0/5
   611 | D:1      | Reached XP level 3. HP: 21/21 MP: 4/6
  1336 | D:2      | Learned a level 3 spell: Stone Arrow
  1339 | D:2      | Learned a level 2 spell: Passwall
  1383 | D:2      | Noticed Jessica
  1398 | D:2      | Killed Jessica
  1399 | D:2      | Reached skill level 1 in Conjurations
  1399 | D:2      | Reached XP level 4. HP: 17/27 MP: 1/8
  1753 | D:2      | Noticed Robin
  1808 | D:2      | Killed Robin
  1809 | D:2      | Reached XP level 5. HP: 31/31 MP: 6/9
  2229 | D:3      | Reached skill level 4 in Earth Magic
  2287 | D:3      | Found a glowing golden altar of the Shining One.
  2600 | D:3      | Reached XP level 6. HP: 34/36 MP: 5/11
  2680 | D:3      | Found a basalt altar of Yredelemnul.
  3289 | D:4      | Found a staircase to the Ecumenical Temple.
  3298 | Temple   | Entered the Ecumenical Temple
  3655 | D:4      | HP: 1/36 [howler monkey (4)]
  3656 | D:4      | Reached XP level 7. HP: 1/41 MP: 2/13
  4010 | D:4      | Reached skill level 5 in Earth Magic
  4586 | D:5      | Entered Level 5 of the Dungeon
  4773 | D:5      | Found a runed translucent door.
  4774 | D:5      | Noticed Crazy Yiuf
  4886 | D:5      | Reached skill level 5 in Spellcasting
  5136 | D:5      | Reached skill level 6 in Earth Magic
  5215 | D:5      | Identified the +3 ring mail of Mezcal {rF- Dex+5}
  5289 | D:5      | Reached XP level 8. HP: 46/46 MP: 7/15
  5607 | D:5      | Reached skill level 7 in Earth Magic
  5819 | D:5      | Found a bloodstained altar of Trog.
  6592 | D:6      | Reached skill level 8 in Earth Magic
  6838 | D:7      | Reached XP level 9. HP: 21/51 MP: 14/18
  7132 | D:6      | Identified the +3 leather armour of Irchis {+Blink rF+++
                  | rN+ MP+9 Int-4}
  7334 | D:6      | Slain by a yak

Illustrated notes

Levels and vault maps discovered:
D:1:      lemuel_arrival_behind_the_door_large, layout_loops_ring,
          shapermc_ecumenical_altar_venn, minivault_25
D:2:      layout_basic, chequers_serial_rivers_large_a, minivault_19,
          uniq_jessica, uniq_robin
D:3:      layout_rooms, overflow_temple_1_default,
          nicolae_yredelemnul_corpse_copse, serial_bayou_lagoon_a
D:4:      minmay_razor_zed, layout_basic, minmay_temple_entry_statues_fountains,
          serial_co_window_serial, co_window_corner_a, co_window_paths_b,
          co_window_cross_1, co_window_corner_a, co_window_paths_a,
          co_window_broadway_a, co_window_corner_b, co_window_paths_c,
          co_window_4corner_a, glass_columns_b, glass_columns_c,
          glass_columns_a, glass_columns_a, minmay_misc_feat_ornament
D:5:      layout_loops_corners, lightli_temple_of_fire, uniq_crazy_yiuf_cottage
D:6:      layout_basic
D:7:      layout_layer_cave, billiards_dpeg
Temple:   dpeg_three_leaves_temple

Skill      XL: |  1  2  3  4  5  6  7  8 |
---------------+-------------------------+-----
Stealth        | 3 |  3.3
Conjurations   | 1 2 3 |  3.0
Spellcasting   | 3 4 5 6 |  6.9
Earth Magic    | 4 6 8 |  8.8
Dodging        | |  2.4
Transmutations | |  1.6

Action                     |  1- 3 |  4- 6 |  7- 9 || total
---------------------------+-------+-------+-------++-------
  Melee: Unarmed           |     4 |       |       ||     4
         Constrict         |     1 |     2 |       ||     3
         Tentacles         |     1 |     1 |       ||     2
         Short sword       |       |     2 |       ||     2
   Cast: Sandblast         |    53 |   103 |    62 ||   218
         Stone Arrow       |       |       |    24 ||    24
 Invoke: Fiery Armour      |     1 |     1 |       ||     2
         Foxfire Swarm     |       |     1 |       ||     1
 Armour: Skin              |     8 |    24 |    32 ||    64
  Dodge: Dodged            |    11 |    30 |    30 ||    71
   Form: Beast             |       |       |     1 ||     1

Table legend: (Time is in decaauts)
 A = Elapsed time spent in this place.
 B = Non-inter-level travel time spent in this place.
 C = Inter-level travel time spent in this place.
 D = Time resting spent in this place.
 E = Time spent auto-exploring this place.
 F = Levels seen in this place.
 G = Mean time per level.
                   A        B        C        D        E       F      G
               +--------+--------+--------+--------+--------+-----+--------+
         Total |   7443 |   6993 |    450 |    194 |   5821 |   8 |  930.4 |
       Dungeon |   7441 |   6991 |    450 |    194 |   5821 |   7 | 1063.0 |
        Temple |      1 |      1 |      0 |      0 |      0 |   1 |    1.0 |
               +--------+--------+--------+--------+--------+-----+--------+

Top non-repeatable levels by time:
     D:4: 1704 daAuts
     D:5: 1587 daAuts
     D:2: 1080 daAuts
     D:1: 1075 daAuts
     D:6: 1036 daAuts
     D:3: 805 daAuts
     D:7: 153 daAuts
  Temple: 1 daAuts
